AoeStats
← toul35

Arena

509739046Analyzed
4v4 RM · 3d ago on Sep 27, 2026· 42m 29s· 8 players
Game mode
Random Map
Map size
Large (8 player)
Population
200
Speed
Normal
Resources
Standard
Victory
Conquest
Starting age
Dark Age
Ending age
Imperial Age
RankedLock teamsTeams togetherTeam positionsShared explorationLock speedFull tech treeHidden civsTurbo modeCheats
Victory
Defeat
🇫🇷 Bengalis · France
1129
+16
🇫🇷 Berbers · France
1117
+16
🇹🇷 Persians · Türkiye
1117
+16
🇫🇷 Huns · France
1115
+17
🇺🇸 Poles · United States
1151
-17
🇺🇸 Varangians · United States
1141
-17
🇵🇪 Ethiopians · Peru
1122
-16
🇺🇸 Turks · United States
1097
-15
Fusiototo
10:49 Feudal Age
9:19 Loom
14:48 Castle Age
13:16 Double-Bit Axe
14:23 Horse Collar
17:01 Bow Saw
18:01 Heavy Plow
20:51 Wheelbarrow
25:19 Imperial Age
23:59 Fletching
24:15 Scale Barding Armor
24:12 Padded Archer Armor
24:54 Town Watch
24:55 Loom
25:09 Bodkin Arrow
25:46 Gold Mining
26:45 Conscription
27:07 Bracer
27:57 Leather Archer Armor
28:32 Gold Shaft Mining
29:05 Kasbah
29:16 Kasbah
30:15 Ring Archer Armor
30:58 Fortified Wall
31:51 Chemistry
31:00 Stone Mining
32:27 Chain Barding Armor
33:47 Ballistics
34:46 Plate Barding Armor
35:38 Stone Shaft Mining
40:02 Hand Cart
39:51 Town Patrol
40:21 Elite Camel Archer
KKUSH-PANIER
10:09 Feudal Age
10:52 Double-Bit Axe
11:01 Horse Collar
14:44 Loom
17:52 Castle Age
17:57 Forging
30:26 Bloodlines
33:57 Imperial Age
32:12 Wheelbarrow
32:10 Stone Mining
32:15 Gold Mining
32:34 Scale Barding Armor
35:23 Iron Casting
35:57 Chain Barding Armor
37:49 Husbandry
38:52 Blast Furnace
39:58 Conscription
42:51 Hand Cart
42:22 Town Watch
toul35
10:39 Feudal Age
15:46 Castle Age
14:20 Double-Bit Axe
17:27 Bow Saw
18:06 Gold Mining
17:59 Horse Collar
19:31 Wheelbarrow
20:47 Loom
24:16 Forging
29:07 Iron Casting
34:03 Imperial Age
32:05 Scale Barding Armor
33:19 Chain Barding Armor
33:52 Town Watch
35:15 Conscription
35:07 Bloodlines
36:11 Blast Furnace
36:01 Marauders
37:08 Plate Barding Armor
37:09 Hand Cart
37:44 Husbandry
38:08 Pikeman
41:42 Scale Mail Armor
42:13 Heavy Plow
41:52 Elite Tarkan
logibll777
10:39 Feudal Age
14:15 Castle Age
12:24 Double-Bit Axe
13:03 Horse Collar
16:24 Loom
18:18 Wheelbarrow
20:31 Husbandry
21:59 Bow Saw
22:25 Bloodlines
23:56 Town Watch
24:28 Hand Cart
25:01 Forging
24:57 Scale Barding Armor
26:10 Gold Mining
27:35 Gold Shaft Mining
30:54 Iron Casting
30:37 Stone Mining
31:15 Chain Barding Armor
34:02 Imperial Age
32:38 Fletching
32:59 Murder Holes
33:43 Cavalier
35:37 Savar
38:08 Two-Man Saw
38:12 Conscription
38:45 Plate Barding Armor
38:25 Masonry
39:39 Blast Furnace
EliteCabbage
10:03 Feudal Age
10:38 Double-Bit Axe
10:36 Horse Collar
13:19 Bloodlines
14:03 Forging
15:06 Scale Barding Armor
17:43 Wheelbarrow
21:30 Castle Age
19:59 Gold Mining
25:10 Bow Saw
25:03 Heavy Plow
26:25 Chain Barding Armor
30:27 Stone Mining
39:11 Hand Cart
41:50 Imperial Age
39:30 Vendel Legacy
41:46 Iron Casting
41:12 Scale Mail Armor
Epic Sm0ke
4:05 Loom
13:17 Feudal Age
14:32 Double-Bit Axe
15:40 Horse Collar
18:39 Castle Age
18:21 Gold Mining
23:20 Imperial Age
23:38 Bow Saw
24:48 Gold Shaft Mining
24:51 Padded Archer Armor
26:56 Wheelbarrow
28:08 Leather Archer Armor
29:22 Hand Cart
31:18 Ring Archer Armor
33:00 Fervor
33:11 Sanctity
37:05 Heavy Plow
38:19 Two-Man Saw
38:01 Capped Ram
Jaeger
12:56 Feudal Age
13:41 Horse Collar
16:43 Castle Age
15:17 Double-Bit Axe
15:25 Gold Mining
16:51 Wheelbarrow
17:36 Heavy Plow
17:52 Bow Saw
19:52 Light Cavalry
20:44 Bloodlines
22:09 Husbandry
25:50 Forging
25:45 Scale Barding Armor
26:30 Hand Cart
26:02 Loom
26:54 Scale Barding Armor
27:25 Iron Casting
28:04 Stone Mining
29:26 Chain Barding Armor
31:56 Imperial Age
29:51 Chain Barding Armor
32:41 Stone Shaft Mining
32:13 Winged Hussar
33:57 Blast Furnace
37:22 Lechitic Legacy
Deja de llorar
9:46 Feudal Age
13:31 Castle Age
12:28 Double-Bit Axe
14:32 Wheelbarrow
13:47 Town Watch
15:19 Bow Saw
15:03 Gold Mining
25:29 Horse Collar
Connection lost

Rejoining the realm…

Still unreachable

The connection could not be restored.

Session expired

The server has moved on; the page needs a fresh start.